 Dungeon Crawl Stone Soup version 0.21.1-1-g345015f (webtiles) character file.

19 tidbits the Insei (level 2, -2/23 HPs)
             Began as a Gnoll Transmuter on Feb 20, 2018.
             Slain by a kobold
             ... wielding a +0 war axe
              (11 damage)
             ... on level 3 of the Dungeon.
             The game lasted 00:02:25 (275 turns).

tidbits the Insei (Gnoll Transmuter)                 Turns: 275, Time: 00:02:26

Health: -2/23      AC:  2    Str: 12    XL:     2   Next: 75%
Magic:  7/7        EV: 14    Int: 17    God:
Gold:   39         SH:  0    Dex: 15    Spells: 9/10 levels left

rFire    . . .     SeeInvis .     - Unarmed
rCold    . . .     Gourm    .   (no shield)
rNeg     . . .     Faith    .   b - +0 robe
rPois    .         Spirit   .   (no helmet)
rElec    .         Reflect  .   (no cloak)
rCorr    .         Harm     .   (no gloves)
MR       .....                  (no boots)
Stlth    ++........             (no amulet)
HPRegen  0.07/turn              h - +2 ring of intelligence
MPRegen  0.10/turn              (no ring)

@: appendage
A: distributed training, fangs 1, horns 2, strong nose
a: End Transformation


You were on level 3 of the Dungeon.
You were full.
You had grown temporary horns.
You visited 1 branch of the dungeon, and saw 3 of its levels.

You collected 39 gold pieces.

Inventory:

Hand Weapons
 e - a +0 dagger
Missiles
 a - 12 arrows
Armour
 b - a +0 robe (worn)
 g - a +0 ring mail
Jewellery
 h - a +2 ring of intelligence (left hand)
   (You found it on level 1 of the Dungeon)
Scrolls
 f - a scroll of teleportation {unknown}
 i - a scroll of remove curse {unknown}
Potions
 j - a potion of degeneration {unknown}
Books
 c - a book of Changes

   Spells                             Type                      Level
   a - Beastly Appendage              Transmutation                1
   b - Sticks to Snakes               Transmutation                2
   c - Spider Form                    Transmutation/Poison         3
   d - Ice Form                       Ice/Transmutation            4
   e - Blade Hands                    Transmutation                5
Comestibles
 d - 2 rations


   Skills:
 + Level 2.5 Fighting
 + Level 0.5 Short Blades
 + Level 0.5 Long Blades
 + Level 0.5 Axes
 + Level 0.5 Maces & Flails
 + Level 0.5 Polearms
 + Level 0.5 Staves
 + Level 0.5 Slings
 + Level 0.5 Bows
 + Level 0.5 Crossbows
 + Level 0.5 Throwing
 + Level 0.5 Armour
 + Level 4.5 Dodging
 + Level 0.5 Stealth
 + Level 0.5 Shields
 + Level 6.5 Unarmed Combat
 + Level 4.9 Spellcasting
 + Level 0.3 Conjurations
 + Level 0.3 Hexes
 + Level 0.3 Charms
 + Level 0.3 Summonings
 + Level 0.3 Necromancy
 + Level 0.3 Translocations
 + Level 3.7 Transmutations
 + Level 0.3 Fire Magic
 + Level 0.3 Ice Magic
 + Level 0.3 Air Magic
 + Level 0.3 Earth Magic
 + Level 0.3 Poison Magic
 + Level 0.6 Invocations
 + Level 0.5 Evocations


You had 9 spell levels left.
You knew the following spells:

 Your Spells              Type           Power        Failure   Level  Hunger
e - Beastly Appendage     Tmut           ###...       3%          1    None


Dungeon Overview and Level Annotations

Branches:
Dungeon (3/15)

Altars:

Annotations:
D:2 Terence


Innate Abilities, Weirdness & Mutations

Your experience applies equally to all skills.
You have very sharp teeth.
Your uncanny sense of smell can sniff out nearby items.
You have a pair of horns on your head.


Message History

You see here a scroll labeled JYXANN VAXU.
i - a scroll labeled JYXANN VAXU The dart slug launches a dart at you.
The slug dart hits you!
* * * LOW HITPOINT WARNING * * *
You see here a stone.
The kobold throws a stone.
The stone barely misses you.
You see here 2 stones.
You hit the dart slug.
You headbutt the dart slug, but do no damage.
You bite the dart slug, but do no damage.
The dart slug is heavily wounded.
The dart slug barely misses you.
You barely miss the dart slug.
You kill the dart slug!
You barely miss the kobold. Your headbutt misses the kobold.
The frilled lizard closely misses you. The kobold barely misses you.
You closely miss the kobold. The frilled lizard closely misses you.
The kobold misses you.
You hit the kobold but do no damage. The frilled lizard barely misses you.
The kobold barely misses you.
You punch the kobold!
You kill the kobold!
The frilled lizard barely misses you.
You hit the frilled lizard but do no damage.
The frilled lizard barely misses you.
You barely miss the frilled lizard.
Your headbutt misses the frilled lizard.
You bite the frilled lizard, but do no damage.
The frilled lizard bites you.
* * * LOW HITPOINT WARNING * * *
You closely miss the frilled lizard.
Your headbutt misses the frilled lizard.
The frilled lizard misses you.
You closely miss the frilled lizard.
You kill the frilled lizard!
Things that are here:
a short sword; a kobold corpse You see here a dart slug corpse.
You see here 12 gold pieces.
You now have 39 gold pieces (gained 12).
Your transformation is almost over.
Found a green potion.
You see here a green potion.
j - a green potion Your horns disappear.
There is a stone staircase leading down here.
You climb downwards.
The frilled lizard bites you but does no damage.
The frilled lizard completely misses you.
There is a stone staircase leading up here.
Unknown command.
You closely miss the frilled lizard. The frilled lizard barely misses you.
Casting: Beastly Appendage
Confirm with . or Enter, or press ? or * to list all spells.
You grow a pair of large bovine horns.
The frilled lizard bites you.
* * * LOW HITPOINT WARNING * * *
You hit the frilled lizard.
You kill the frilled lizard!
You see here a frilled lizard corpse.
There is a stone staircase leading up here.
Found 17 sling bullets.
There is a stone staircase leading up here.
There is a stone staircase leading down here.
There is a stone staircase leading down here.
Terence the Incautious comes into view.
He is wielding a short sword.
Terence shouts!
Unknown command.
Your transformation is almost over.
A bat comes into view.
There is a stone staircase leading down here.
You climb downwards.
A kobold comes into view. It is wielding a dagger.
The kobold shouts!
Found an escape hatch in the ceiling.
There is a stone staircase leading up here.
Casting: Beastly Appendage
Confirm with . or Enter, or press ? or * to list all spells.
You extend your transformation's duration.
You punch the kobold!
You kill the kobold!
Things that are here:
a dagger; a kobold corpse A kobold comes into view.
It is wielding a war axe.
The kobold shouts!
The kobold unwields an uncursed war axe.
The kobold wields a blowgun.
The kobold shoots a poisoned needle.
The poisoned needle closely misses you.
Found a club.
You see here a poisoned needle.
The kobold unwields an uncursed blowgun.
The kobold wields an uncursed war axe.
The kobold closely misses you.
There is an escape hatch in the ceiling here.
You hit the kobold. You headbutt the kobold.
The kobold is severely wounded.
You barely miss the kobold. Your headbutt misses the kobold.
You bite the kobold, but do no damage.
The kobold is severely wounded.
The kobold hits you with an uncursed war axe!
You die...

########
+....<.#
######.#
#)# #.#
#.#
#(########
#.@K......
##########


You could see a kobold.

Vanquished Creatures
  A dart slug (D:1)
  A giant cockroach (D:1)
  4 goblins (D:1)
  A hobgoblin (D:1)
  2 jackals (D:1)
  A bat (D:1)
  2 frilled lizards
  3 kobolds
  2 rats (D:1)
17 creatures vanquished.

Notes
Turn   | Place    | Note
-------+----------+-------------------------------------------
     0 | D:1      | tidbits the Gnoll Transmuter began the quest for the Orb.
     0 | D:1      | Reached XP level 1. HP: 17/17 MP: 6/6
   106 | D:1      | Reached XP level 2. HP: 20/23 MP: 5/7
   257 | D:2      | Noticed Terence
   275 | D:3      | Slain by a kobold

Action                   || total
-------------------------++-------
Melee: Unarmed           ||    38
       Bite              ||     5
       Kick              ||     1
       Headbutt          ||     4
 Cast: Beastly Appendage ||     7
  Eat: Ration            ||     1
Armor: Robe              ||     4
Dodge: Dodged            ||    25

Table legend:
 A = Turns spent in this place as a percentage of turns spent in the entire game.
 B = Non-inter-level travel turns spent in this place as a percentage of non-inter-level travel turns spent in the entire game.
 C = Inter-level travel turns spent in this place as a percentage of turns spent in this place.
 D = Turns resting spent in this place as a percentage of non-inter-level travel turns spent in this place.
 E = Turns spent auto-exploring this place as a percentage of non-inter-level travel turns spent in this place.
 F = Non-inter-level travel turns spent in this place divided by the number of levels of this place that you've seen.
                   A       B       C       D       E      F
               +-------+-------+-------+-------+-------+----------------------
         Total | 100.0 | 100.0 |   0.0 |   0.0 |   0.0 |  91.7
       Dungeon | 100.0 | 100.0 |   0.0 |   0.0 |   0.0 |  91.7
               +-------+-------+-------+-------+-------+----------------------

Table legend:
 A = Kills in this place as a percentage of kills in entire the game.
 B = Kills by you in this place as a percentage of kills by you in the entire game.
 C = Kills by friends in this place as a percentage of kills by friends in the entire game.
 D = Other kills in this place as a percentage of other kills in the entire game.
 E = Experience gained in this place as a percentage of experience gained in the entire game.
 F = Experience gained in this place divided by the number of levels of this place that you have seen.
                   A       B       C       D       E      F
               +-------+-------+-------+-------+-------+----------------------
         Total | 100.0 | 100.0 |   N/A |   N/A | 100.0 |   9.3
       Dungeon | 100.0 | 100.0 |   N/A |   N/A | 100.0 |   9.3
               +-------+-------+-------+-------+-------+----------------------

Vault maps used:
D:1:      minmay_arrival_cross, hangedman_feature_mirror
D:2:      nicolae_overflow_crystal_walls, makhleb_altar_promises_db,
          uniq_terence
D:3:      minmay_roachtagon, cheibriados_altar_1, tgw_sif,
          eat_drink_and_be_merry_uskayaw, lemuel_doored_altar,
          serial_park_tiny_2, solitary_fountain
